Cogmind - Beta 14 @@@ ROGUE MODE // 2024.12.31 @ 19:08:07 Player: jumpy Result: Destroyed self with Rocket Launcher Performance ------------- Evolutions (1) 500 Regions Visited (2) 400 Robots Destroyed (15) 75 Value Destroyed (336) 336 Prototype IDs (0) 0 Alien Tech Used (0) 0 Bonus (0) 0 TOTAL SCORE: 1311 Bonus ------- None Cogmind --------- Core Integrity 0/400 Matter 122/300 Energy 100/100 System Corruption 0% Temperature Cool (0) Movement Core (150) Ox2 Location -9/Materials Parts ------- > --- POWER (1) -------- (None) > --- PROPULSION (4) --- (None) > --- UTILITY (2) ------ (None) > --- WEAPON (2) ------- Rocket Launcher Rocket Launcher > --- INVENTORY (5) ---- Improved Ion Engine Light Assault Rifle Light Assault Rifle Peak State ------------ > --- POWER ------------ Improved Ion Engine > --- PROPULSION ------- Light Treads Light Treads > --- UTILITY ---------- Small Storage Unit Tractor Beam > --- WEAPON ----------- Improved Light Cannon Improved Light Cannon > --- INVENTORY -------- Light Ion Engine Assault Rifle Light Assault Rifle Light Assault Rifle Rocket Launcher Rocket Launcher [Rating: 10] Favorites ----------- Power Improved Ion Engine Engine Improved Ion Engine Propulsion Light Treads Treads Light Treads Utility Small Storage Unit Device Tractor Beam Storage Small Storage Unit Weapon Improved Light Cannon Energy Gun Beam Rifle Ballistic Gun Assault Rifle Ballistic Cannon Improved Light Cannon Launcher Rocket Launcher Build | -11 -10 -9 ------- Run | Yrd Mat Mat Slots Evolved 2 | . . 2 Power . | . . . Propulsion 2 | . . 2 Utility . | . . . Weapon . | . . . Parts Attached 17 | 7 6 4 Power 2 | 1 1 . Engine 2 | 1 1 . Core . | . . . Reactor . | . . . Propulsion 3 | 2 1 . Treads 3 | 2 1 . Leg . | . . . Wheel . | . . . Hover . | . . . Flight . | . . . Utility 2 | 2 . . Device 1 | 1 . . Storage 1 | 1 . . Processor . | . . . Hackware . | . . . Protection . | . . . Artifact . | . . . Weapon 10 | 2 4 4 Energy Gun 1 | . . 1 Energy Cannon . | . . . Ballistic Gun 3 | 2 . 1 Ballistic Cannon 4 | . 4 . Launcher 2 | . . 2 Special Weapon . | . . . Impact Weapon . | . . . Slashing Weapon . | . . . Piercing Weapon . | . . . Special Melee Weapon . | . . . Unidentified Prototypes . | . . . Parts Lost 7 | . . 7 Power . | . . . Propulsion 1 | . . 1 Utility 2 | . . 2 Weapon 4 | . . 4 Highest Loss Streak 6 | . . 6 To Critical Strikes . | . . . Average Slot Usage (%) 68 | . 81 57 Engine 11 | . 14 9 Treads 12 | . 16 9 Device 10 | . 14 7 Storage 12 | . 14 10 Ballistic Cannon 19 | . 20 19 Peak Build Rating 10 | 7 10 10 Average Rating 7 | 4 8 8 On Entrance 5 | . 7 9 Naked Turns 1 | . . 1 Heaviest Build 21 | 12 21 21 Greatest Support 40 | 40 40 20 Greatest Overweight (x) 2 | . 1 2 Average Overweight (x) . | . . . Largest Inventory Capacity 8 | 8 8 8 Average Capacity 7 | 6 8 7 Most Carried 8 | 1 8 7 Average Carried 5 | . 5 6 Final Capacity 8 | 8 8 5 Final Carried 6 | 1 6 3 Class Distribution -------------------- 100% | Mutant Dominant Class ---------------- Mutant | -10/Materials Mutant | -9/Materials Resources | -11 -10 -9 ----------- Run | Yrd Mat Mat Matter Collected 440 | 272 82 86 Remotely 177 | 10 82 85 Salvage Created 357 | 72 26 259 Parts 29 | 3 8 18 Haulers Intercepted . | . . . Recyclers Shooed 1 | . 1 . Parts Field Recycled . | . . . Retrieved Matter . | . . . Parts Self-Destructed . | . . . Prevented . | . . . Kills | -11 -10 -9 ------- Run | Yrd Mat Mat Combat Hostiles Destroyed 12 | . 3 9 Guns 1 | . . 1 Cannons 9 | . 3 6 AOE 2 | . . 2 Classes Destroyed 6 | 1 2 3 Recycler 1 | 1 . . Watcher 2 | . 1 1 Swarmer 6 | . 3 3 Grunt 4 | . . 4 Duelist 1 | . . 1 Sentry 1 | . . 1 Best Kill Streak 3 | 1 3 2 Combat Bots Only 3 | . 3 2 Max Kills in Single Turn 1 | 1 1 1 Gunslinging . | . . . Exploded 1 | . . 1 Melee . | . . . Uniques/NPCs Destroyed . | . . . Combat | -11 -10 -9 -------- Run | Yrd Mat Mat Hostile Shots Fired 126 | . 6 120 Missed 35 | . 1 34 Damage Taken 1277 | . 70 1207 Core 417 | . 17 400 Absorbed by Shields . | . . . Core Remaining (%) 96 | 100 93 . Volleys Fired 43 | 1 4 38 Largest 2 | 2 2 2 Hottest 78 | 40 78 78 Shots Fired 74 | 2 8 64 Gun 16 | 2 . 14 Cannon 53 | . 8 45 Launcher 5 | . . 5 Special . | . . . Kinetic 64 | 2 8 54 Thermal 5 | . . 5 Explosive 5 | . . 5 Electromagnetic . | . . . Robot Hit Streak 7 | 1 4 7 Robot Miss Streak 5 | 1 1 5 Penetration Max . | . . . Secondary Targets 1 | . . 1 Max Gunslinging Chain 1 | . . 1 Shots Hit Robots 42 | 1 5 36 Core Hits 19 | 2 4 13 Critical Kills . | . . . Critical Parts Destroyed . | . . . Critical Strikes 2 | . . 2 Blast 2 | . . 2 Melee Attacks . | . . . Impact . | . . . Slashing . | . . . Piercing . | . . . Sneak Attacks . | . . . Combat Hostiles . | . . . Follow-up Attacks . | . . . Damage Inflicted 1063 | 17 111 935 Guns 173 | 10 . 163 Cannons 633 | . 111 522 Explosions 245 | . . 245 Melee . | . . . Ramming 12 | 7 . 5 Kinetic 762 | 10 111 641 Thermal 44 | . . 44 Explosive 245 | . . 245 Electromagnetic . | . . . Impact . | . . . Slashing . | . . . Piercing . | . . . Highest Corruption . | . . . Average Corruption . | . . . Corruption Purged . | . . . Corruption Blocked . | . . . Overload Shots . | . . . Overflow Damage 12 | . 3 9 Projectiles 3 | . 3 . Explosions 9 | . . 9 Melee . | . . . Knockbacks 13 | . 1 12 Impact . | . . . Kinetic 13 | . 1 12 Secondary . | . . . Self-Inflicted Damage 88 | . . 88 Shots 2 | . . 2 Rammed 4 | 1 1 2 Targets Rammed 4 | 1 1 2 Kicked . | . . . Crushed . | . . . Highest Temperature 60 | . 42 60 Average Temperature 22 | . 17 23 Received Heat Transfer 348 | . . 348 Siege Activations . | . . . Robots Corrupted . | . . . Combat Hostiles . | . . . Parts Fried . | . . . Impact Corruptions . | . . . Robots Melted . | . . . Combat Hostiles . | . . . Parts Melted . | . . . Heat Transferred 111 | . . 111 Parts Sabotaged . | . . . Parts Stolen . | . . . Parts Stripped . | . . . Power Chain Reactions . | . . . Alert | -11 -10 -9 ------- Run | Yrd Mat Mat Peak Influence 214 | 5 96 214 Initial 40 | . 3 40 Average 56 | . 37 81 Maximum Alert Level 1 | . . 1 Low Security (%) 97 | 100 100 95 Level 1 2 | . . 4 Level 2 . | . . . Level 3 . | . . . Level 4 . | . . . Level 5 . | . . . High Security . | . . . Max Security . | . . . Squads Dispatched 2 | . . 2 Investigation . | . . . Extermination . | . . . Reinforcement 2 | . . 2 Assault . | . . . Garrison . | . . . Intercept . | . . . Searches Triggered . | . . . Construction Impeded . | . . . Haulers Reinforced . | . . . Active Scanning Responses . | . . . Cargo Convoy Interrupts . | . . . Stealth | -11 -10 -9 --------- Run | Yrd Mat Mat Distress Signals 1 | . . 1 Communications Jammed . | . . . Distress Signals . | . . . Times Spotted 20 | . 4 16 Peak Tracking Total 5 | . 3 5 Tactical Retreats 2 | . . 2 Traps | -11 -10 -9 ------- Run | Yrd Mat Mat Traps Triggered 3 | . 3 . Indirectly . | . . . Trap Hack Attempts . | . . . Triggered . | . . . Disarmed . | . . . Reprogrammed . | . . . Reused . | . . . Traps Extracted . | . . . Installed . | . . . Triggered . | . . . Machines | -11 -10 -9 ---------- Run | Yrd Mat Mat Machines Disabled 1 | . . 1 Max in Single Turn 1 | . . 1 Machines Repaired . | . . . Machines Dismantled . | . . . Machines Sabotaged . | . . . Overloaded Fab Kills . | . . . Hacking | -11 -10 -9 --------- Run | Yrd Mat Mat Machines Accessed 1 | . . 1 Terminals 1 | . . 1 Fabricators . | . . . Repair Stations . | . . . Recycling Units . | . . . Scanalyzers . | . . . Garrison Access . | . . . Total Hacks 2 | . . 2 Successful 1 | . . 1 Failed 1 | . . 1 Catastrophic . | . . . Database Lockouts . | . . . Manual . | . . . Terminals 2 | . . 2 Fabricators . | . . . Repair Stations . | . . . Recycling Units . | . . . Scanalyzers . | . . . Garrison Access . | . . . Terminal Hacks 1 | . . 1 Unreport Threat 1 | . . 1 Fabricator Hacks . | . . . Repair Station Hacks . | . . . Recycling Unit Hacks . | . . . Scanalyzer . | . . . Garrison Access Hacks . | . . . Unauthorized Hacks . | . . . Terminals . | . . . Fabricators . | . . . Repair Stations . | . . . Recycling Units . | . . . Scanalyzers . | . . . Garrison Access . | . . . Data Cores Recovered . | . . . Used . | . . . Hacking Detections . | . . . Full Trace Events . | . . . Feedback Events . | . . . Feedback Blocked . | . . . Robot Schematics Acquired . | . . . Robots Built . | . . . Authchips . | . . . Time . | . . . Total Robot Build Rating . | . . . Part Schematics Acquired . | . . . Parts Built . | . . . Authchips . | . . . Time . | . . . Total Part Build Rating . | . . . Parts Repaired . | . . . Time . | . . . Parts Recycled . | . . . Recycled Matter . | . . . Retrieved Matter . | . . . Retrieved Components . | . . . Parts Scanalyzed . | . . . Part Schematics Acquired . | . . . Parts Damaged . | . . . Bothacking | -11 -10 -9 ------------ Run | Yrd Mat Mat Used RIF Installer . | . . . Robots Hacked . | . . . Non-combat . | . . . Combat . | . . . Robot Hacks Applied . | . . . Relay Couplers Released . | . . . Fabnet Peak Effective % . | . . . Robots Rewired . | . . . Allies Hacked . | . . . Hacks Repelled . | . . . Allies | -11 -10 -9 -------- Run | Yrd Mat Mat Total Allies . | . . . Largest Group . | . . . Highest-Rated Group . | . . . Highest-Rated Ally . | . . . Total Orders . | . . . Ally Attacks . | . . . Total Damage . | . . . Kills . | . . . Allies Corrupted . | . . . Allies Melted . | . . . Intel | -11 -10 -9 ------- Run | Yrd Mat Mat Robot Analysis Total . | . . . Derelict Logs Recovered . | . . . Drone Launches . | . . . Drone Recoveries . | . . . Exploration | -11 -10 -9 ------------- Run | Yrd Mat Mat Turns Passed 878 | 93 337 448 Spaces Moved 380 | 65 154 161 Core 40 | 25 . 15 Treads 340 | 40 154 146 Legs . | . . . Wheels . | . . . Hover . | . . . Flight . | . . . Fastest Speed 50 | 50 160 100 Average Speed 188 | 117 199 207 Slowest Speed 240 | 160 240 240 Overloaded Moves . | . . . Propulsion Burnouts . | . . . Robots Hopped . | . . . Cave-ins Triggered . | . . . Exploration Rate (%) 13 | 4 19 16 Regions Visited 2 Branch Regions . Pre-discovered Areas . | . . . Known Exits Taken . | . . . Unknown Exits Taken 2 | 1 1 . Scrap Searched . | . . . Spaces Dug . | . . . Terrain Destroyed 30 | . . 30 Melee . | . . . Projectile 2 | . . 2 AOE 28 | . . 28 Terrain Rammed . | . . . Walls Destroyed . | . . . Machines Disabled . | . . . Actions | -11 -10 -9 --------- Run | Yrd Mat Mat Total 460 | 76 174 210 Wait 4 | . . 4 Move 378 | 64 153 161 Hop . | . . . Pick Up 12 | 2 9 1 Fast Attach 7 | 7 . . Attach 7 | . 3 4 Detach . | . . . Swap 3 | . 3 . Drop 2 | 1 1 . Fire 43 | 1 4 38 Melee . | . . . Ram . | . . . Kick . | . . . Crush 4 | 1 1 2 Escape Stasis . | . . . Rewire . | . . . Trap . | . . . Miscellaneous . | . . . Route ------- -11/Scrapyard -10/Materials -9/Materials History --------- Turn | Location | Event 22 | -11/Scrapyard | Discovered new exit (range 14) 94 | -11/Scrapyard | Entered Materials 313 | -10/Materials | Build established: Mutant 421 | -10/Materials | Discovered new exit (range 4) 431 | -10/Materials | Entered another Materials area 431 | -9/Materials | Evolved 2 slots: Propulsion x2 835 | -9/Materials | Core integrity fell below 50% 865 | -9/Materials | Core integrity fell below 20% 879 | -9/Materials | Destroyed self with Rocket Launcher Last Messages --------------- 00813_ L-31 Rogue knocked back. 00814_ Lgt. Treads destroyed. 00817_ L-31 Rogue knocked back. 00819_ G-34 Mercenary knocked back. 00820_ G-34 Mercenary destroyed. 00821_ L-31 Rogue knocked back. 00823_ Imp. Light Cannon destroyed. 00827_ L-31 Rogue destroyed. 00827_ Switching to secondary target: Y-45 Defender. 00831_ K-01 Serf collects debris. 00840_ Beam Rifle destroyed. 00840_ K-01 Serf collects debris. 00846_ Critical hit (Burn: +37). 00850_ K-01 Serf collects debris. 00856_ Assault Rifle destroyed. 00864_ Sml. Storage Unit destroyed. 00867_ Y-45 Defender destroyed. 00870_ K-01 Serf cleans the Matter Pump. 00874_ Destroyed Aluminum Leg. 00874_ G-34 Mercenary destroyed. Map ----- +----------------------------------------------------+ | ????????????????????????????????????????? | | ????????????????????????????????????????? | | ????????????????????????????????????????? | | ????????????????????????????????????????? | | ????????????????????????????????????????? | | ????????????????????????????????????????? | | ????????????????????????????????????????? | | ????????????????????????????????????????? | | ??????????????????????????????? ????????? | | ??????????????????????????????? ????????? | | ??????????????????????????????? ????????? | | ??????????????????????????????? #???????? | | ??????????????????????????????? #???????? | | ??????????????????????????????? #???????? | | ?????????????????????????????## ##??????? | | ?????????????????????????????# #??????? | | ?????????????????????????????# +??????? | | ?????????????????????????????# #??????? | | ?????????????????###########?# #???? # | | ?????????????????# #?#= #?? # | | ?????????????????# #? % # # | | ################## ## %[ # | | % # # | | = o ku/ *% ##??? | | % T """ """ # [ # | | % """ """ # @ [% """?? | | """ """ # # """?? | | ##### g ###?# ! """?? | | #### #### ?? | | % ||| # """ ? | | || ! #??"?? ? | | || #??????? | | # ################### ###+####??????? | | # #???????????######## ##?????????????? | | # #???????????# # #??????????????? | | # ############# # #??????????????? | | + + #??????????????? | | # ##/########## """ # #??????????????? | | # # #????# """ # #??????????????? | | # # #????# """ # #####??????????? | | #[# / "#????######## #??????????? | | [# T"#???????????# #??????????? | | ### ""#???????????# #??????????? | | ??# #???????????#########??????????? | | ??########??????????????????????????????? | | ????????????????????????????????????????? | | ????????????????????????????????????????? | | ????????????????????????????????????????? | | ????????????????????????????????????????? | | | +----------------------------------------------------+ Best States ------------- Heat Dissipation 28 Energy Generation 12 Energy Capacity 265 Matter Stores 300 Matter Capacity 300 Sight Range 16 Terrain Scan Density 10 Evasion (%) 50 Recoil Reduction 2 Item Schematics ----------------- None Robot Schematics ------------------ None Fabricated ------------ Nothing Alien Tech Used ----------------- None Achievements -------------- Everything Is Under Control Challenges ------------ None Game ------ Seed SegregatorGrapheneVibroblade Manual? 0 Play Time 00:09:18 Cumulative 5.4 hours Start 2024.12.31 @ 19:01:10 End 2024.12.31 @ 19:08:07 Sessions 1 Manual Loads 0 Difficulty Rogue Special Mode None Game No. 16 Rogue 16 Adventurer 0 Explorer 0 Win Type - Total 0 Types 0/0/0/0/0/0/0/0/0 Lore% 2 Gallery% 12 Achievement% 12 Wizard Run 0 Options --------- Layout 0 ASCII 0 Keyboard 0 Movement Numpad Keybinds 0 Fullscreen 2 Font 18/Terminus Map View 76x50 Zoom Use 0% Tactical HUD 1 Map Filters NONE Filters NONE Steam 1 RUN: f948ca50-3d78-4c3c-b251-4fa46ea20bf3